 Dungeon Crawl Stone Soup version 0.30-a0-222-ge547ba4400 (webtiles) character file.

Game seed: 2697830508868591620

60 Aibolit the Trooper (level 4, -1/40 HPs)
             Began as a Hill Orc Fighter on Oct 8, 2022.
             Slain by a gnoll
             ... wielding a +0 club
              (4 damage)
             ... on level 2 of the Dungeon.
             The game lasted 00:02:22 (1047 turns).

Aibolit the Trooper (Hill Orc Fighter)              Turns: 1047, Time: 00:02:23

Health: -1/40      AC:  9    Str: 20    XL:     4   Next: 6%
Magic:  13/13      EV:  9    Int:  8    God:
Gold:   118        SH:  4    Dex: 10    Spells: 3/3 levels left

rFire   . . .      SeeInvis +    a - +0 war axe
rCold   . . .      Faith    .    c - +0 buckler
rNeg    . . .      Spirit   .    b - +0 scale mail
rPois   .          Reflect  .    (no helmet)
rElec   .          Harm     .    g - +0 cloak
rCorr   .          Rampage  .    o - +0 pair of gloves
Will    .....                    (no boots)
Stlth   ..........               (no amulet)
HPRegen 0.26/turn                j - ring of magical power
MPRegen 0.13/turn                n - ring of see invisible

@: no status effects
A: no striking features
a: no special abilities


You were on level 2 of the Dungeon.
You visited 1 branch of the dungeon, and saw 2 of its levels.

You collected 118 gold pieces.

Inventory:

Hand Weapons
 a - a +0 war axe (weapon)
Armour
 b - a +0 scale mail (worn)
 c - a +0 buckler (worn)
 g - a +0 cloak (worn)
 o - a +0 pair of gloves (worn)
Jewellery
 j - a ring of magical power (left hand)
 n - a ring of see invisible (right hand)
Wands
 l - a wand of roots (3)
Scrolls
 f - a scroll of enchant weapon {unknown}
 k - a scroll of teleportation {unknown}
 m - 3 scrolls of identify {unknown}
Potions
 d - 2 potions of might
 e - a potion of degeneration {unknown}
 h - a potion of attraction {unknown}
 i - a potion of curing {unknown}
 p - a potion of heal wounds {unknown}


   Skills:
 + Level 4.1 Fighting
 + Level 3.8 Axes
 + Level 3.7 Armour
 + Level 0.3 Dodging
 + Level 3.8 Shields


You had 3 spell levels left.
You didn't know any spells.
Your spell library contained the following spells:

 Spells                   Type           Power      Damage    Failure   Level
 Gell's Gravitas          Tloc           0%         N/A       99%         3
 Lesser Beckoning         Tloc           0%         N/A       99%         3
 Teleport Other           Tloc           0%         N/A       99%         3


Dungeon Overview and Level Annotations

Branches:
Dungeon (2/15)

Altars:

Shops:
D:2 =


Message History

There are monsters nearby!
The gnoll hits you but does no damage.
You barely miss the gnoll. You hit the gnoll. You closely miss the gnoll.
You hit the gnoll. The gnoll hits you with a +0 club.
The gnoll barely misses you. x2
The gnoll hits you with a +0 club.
You hit the gnoll.
The gnoll is heavily wounded.
You barely miss the gnoll. x2; The gnoll hits you with a +0 flail!
The gnoll hits you but does no damage. The gnoll closely misses you.
You barely miss the gnoll.
The gnoll is heavily wounded.
You hit the gnoll. You barely miss the gnoll.
The gnoll hits you with a +0 club. The gnoll completely misses you.
The gnoll barely misses you.
You barely miss the gnoll.
The gnoll is heavily wounded.
You barely miss the gnoll. You slash the gnoll!
The gnoll hits you with a +0 flail. x2; The gnoll hits you with a +0 club. x2
The gnoll hits you with a +0 flail.
* * * LOW HITPOINT WARNING * * *
The gnoll hits you with a +0 flail.
* * * LOW HITPOINT WARNING * * *
You are too injured to fight recklessly!
You are too injured to fight recklessly!
You are too injured to fight recklessly!
You are too injured to fight recklessly!
You are too injured to fight recklessly!
Aiming: Fastroot
Press: ? - help, Q - select action Shift-Dir - straight line, f - gnoll
Aim: a gnoll, wielding a +0 flail (almost dead)
The roots erupt in riotous growth!
Roots grab the gnoll.
Roots grab the gnoll. x2
The grasping roots constrict the gnoll!
You kill the gnoll!
The grasping roots constrict the gnoll. x2; The gnoll hits you with a +0 flail.
* * * LOW HITPOINT WARNING * * *
The gnoll hits you with a +0 club.
You die...

###### .#.....## ..?.....##
.........# .........# ......>..#
.......)g# ......g@.# ###
.........#####..# ....
............##..# .....
.#.....####..#..# ......##
###########....#######
.......#######................##
....)..##..)...######..#.###....
#......#..###### ##....##....
#........## ###..#...#....


You could see 2 gnolls.

Vanquished Creatures
  A gnoll (D:2)
  An adder (D:2)
  2 dart slugs (D:1)
  4 bats
  7 endoplasms
  A giant cockroach (D:2)
  6 goblins (D:1)
  6 hobgoblins
  A jackal (D:1)
  A quokka (D:2)
  4 ball pythons
  4 frilled lizards (D:1)
  4 kobolds
  2 rats (D:1)
44 creatures vanquished.

Notes
Turn   | Place    | Note
-------+----------+-------------------------------------------
     0 | D:1      | Aibolit the Hill Orc Fighter began the quest for the Orb.
     0 | D:1      | Reached XP level 1. HP: 19/19 MP: 1/1
   175 | D:1      | Reached XP level 2. HP: 23/27 MP: 2/2
   386 | D:1      | Found a faded altar of an unknown god.
   432 | D:1      | Reached skill level 4 in Fighting
   460 | D:1      | Reached XP level 3. HP: 33/33 MP: 3/3
   869 | D:2      | Found Koinagr Ladd's Jewellery Shoppe.
   947 | D:2      | Reached XP level 4. HP: 40/40 MP: 4/4
  1047 | D:2      | Slain by a gnoll

Illustrated notes

Levels and vault maps discovered:
D:1:      dpeg_arrival_three_smaller_balls, layout_rooms,
          shapermc_ecumenical_altar_petra, minmay_distorted
D:2:      layout_rooms, serial_shops, nicolae_diamond_shop

Skill      XL: |  1  2 |
---------------+-------+-----
Axes           | 3 |  3.8
Fighting       | 4 |  4.1
Armour         | |  3.7
Dodging        | |  0.3
Shields        | |  3.8

Action                   |  1- 3 |  4- 6 || total
-------------------------+-------+-------++-------
Melee: War axe           |   109 |    13 ||   122
Evoke: Wand              |       |     1 ||     1
Armor: Scale mail        |    63 |     6 ||    69
Dodge: Dodged            |    47 |     9 ||    56
Block: Buckler           |    33 |     2 ||    35

Table legend: (Time is in decaauts)
 A = Elapsed time spent in this place.
 B = Non-inter-level travel time spent in this place.
 C = Inter-level travel time spent in this place.
 D = Time resting spent in this place.
 E = Time spent auto-exploring this place.
 F = Levels seen in this place.
 G = Mean time per level.
                   A        B        C        D        E       F      G
               +--------+--------+--------+--------+--------+-----+--------+
         Total |   1095 |    944 |    151 |      0 |    642 |   2 |  547.5 |
       Dungeon |   1095 |    944 |    151 |      0 |    642 |   2 |  547.5 |
               +--------+--------+--------+--------+--------+-----+--------+

Top non-repeatable levels by time:
     D:1: 788 daAuts
     D:2: 306 daAuts
